 Dungeon Crawl Stone Soup version 0.24.0-13-gcf9b319 (webtiles) character file.

Game seed: 4630163104405653868, levelgen mode: deterministic

6880 ubername the Slicer (level 10, -52/91 HPs)
             Began as a Minotaur Berserker on May 24, 2020.
             Was a High Priest of Trog.
             Annihilated by an enormous slime creature (62 damage)
             ... on level 10 of the Dungeon.
             The game lasted 00:24:20 (9612 turns).

ubername the Slicer (Minotaur Berserker)            Turns: 9612, Time: 00:24:22

Health: -52/91     AC: 17    Str: 24    XL:     10   Next: 79%
Magic:  9/9        EV:  7    Int:  4    God:    Trog [*****.]
Gold:   533        SH: 16    Dex: 13    Spells: 9/9 levels left

rFire    x . .     SeeInvis .   a - +0 rapier (elec)
rCold    + + .     Gourm    .   s - +0 large shield
rNeg     + . .     Faith    .   o - +2 plate armour {rC+}
rPois    +         Spirit   .   (helmet restricted)
rElec    .         Reflect  .   w - scarf {repulsion}
rCorr    .         Harm     .   t - +0 pair of gloves
MR       .....                  (no boots)
Stlth    ..........             (no amulet)
HPRegen  0.25/turn              x - ring of ice
MPRegen  0.11/turn              f - ring of positive energy

@: repel missiles
A: retaliatory headbutt, horns 2, agile 1, poison resistance
a: Berserk, Trog's Hand, Brothers in Arms, Renounce Religion


You were on level 10 of the Dungeon.
You worshipped Trog.
Trog was extremely pleased with you.
You were not hungry.

You visited 1 branch of the dungeon, and saw 10 of its levels.

You collected 533 gold pieces.

Inventory:

Hand Weapons
 a - a +0 rapier of electrocution (weapon)
 b - a +4 antimagic dagger
 v - a +2 trident of protection
 z - a +0 demon trident of draining
Missiles
 r - 5 boomerangs (quivered)
Armour
 o - a +2 plate armour of cold resistance (worn)
 s - a +0 large shield (worn)
 t - a +0 pair of gloves (worn)
 w - a scarf of repulsion (worn)
Jewellery
 f - a ring of positive energy (right hand)
 h - an uncursed ring of poison resistance
 x - a ring of ice (left hand)
Wands
 l - a wand of polymorph (16)
 m - a wand of digging (7)
 y - a wand of scattershot (3)
Scrolls
 d - a scroll of fog
 g - 7 scrolls of remove curse
 i - 2 scrolls of teleportation
 j - 3 scrolls of immolation
 k - 2 scrolls of magic mapping
 n - 6 scrolls of identify
Potions
 e - 4 potions of heal wounds
 p - a potion of curing
 u - 2 potions of magic
Comestibles
 c - 16 rations
 q - a chunk of flesh


   Skills:
 * Level 9.4 Fighting
 * Level 11.4 Short Blades
 + Level 0.1 Throwing
 + Level 8.1 Armour
 * Level 7.3 Dodging
 + Level 1.0 Stealth
 + Level 7.0 Shields


You had 9 spell levels left.
You didn't know any spells.
Your spell library was empty.

Dungeon Overview and Level Annotations

Branches:
Dungeon (10/15)            Temple (0/1) D:5             Orc (0/2) D:9
   Lair: D:8-11

Altars:
Cheibriados
Dithmenos
Elyvilon
Hepliaklqana
Makhleb
Nemelex Xobeh
Okawaru
Sif Muna
Vehumet
Wu Jian
Yredelemnul

Shops:
D:7 %


Innate Abilities, Weirdness & Mutations

You reflexively headbutt those who attack you in melee.
You have a pair of horns on your head.
You are agile. (Dex +2)
Your system is resistant to poisons. (rPois)


Message History

The enormous slime creature is moderately wounded.
The enormous slime creature hits you!
You hit the enormous slime creature.
The enormous slime creature is moderately wounded.
You puncture the enormous slime creature!
The enormous slime creature is moderately wounded.
You block the enormous slime creature's attack.
You puncture the enormous slime creature!
You headbutt the enormous slime creature!!
The enormous slime creature is heavily wounded.
The enormous slime creature hits you!!!!
Ouch! That really hurt!
* * * LOW HITPOINT WARNING * * *
You puncture the enormous slime creature!
Lightning courses through the enormous slime creature!
You headbutt the enormous slime creature!!
The enormous slime creature is severely wounded.
The enormous slime creature hits you!!!
Ouch! That really hurt!
You die...

#### .>#
#.#####################
####.#....................
#.......##################
+.......# #
.###.......###### #
...........J@...# #
P..........####.# #
........#+#...... #
.....##.# .###.# # .....
#.. .# # P... ### .# # ...
.# # .## .# # #


You could see an enormous slime creature.

Vanquished Creatures
  Harold (D:8)
  Joseph (D:9)
  A komodo dragon (D:7)
  2 hornets
  A hippogriff (D:9)
  A spriggan (D:9)
  Sigmund (D:2)
  A wyvern (D:8)
  2 vampire mosquitoes (D:9)
  A warg (D:9)
  Duvessa (D:6)
  2 ice beasts
  3 sky beasts
  5 orc warriors
  A phantom (D:8)
  5 ogres
  2 centaurs (D:7)
  7 bullfrogs
  A wyvern zombie (D:8)
  A water moccasin zombie (D:3)
  Dowan (D:6)
  3 wights (D:8)
  11 killer bees
  A howler monkey (D:4)
  3 crimson imps
  2 bullfrog zombies
  A centaur zombie (D:6)
  A quasit (D:9)
  4 hounds
  An orc priest (D:9)
  2 bullfrog skeletons (D:9)
  Natasha (thrice) (D:4)
  7 worker ants
  8 orc wizards
  A hound zombie (D:6)
  2 hound skeletons
  A howler monkey zombie (D:9)
  7 gnolls
  8 adders
  A shadow imp (D:8)
  2 oozes
  An adder zombie (D:8)
  An adder skeleton (D:6)
  A worm (D:4)
  4 dart slugs
  7 leopard geckos
  34 orcs
  11 bats
  3 giant cockroaches
  2 gnoll zombies (D:8)
  8 goblins
  6 hobgoblins
  7 jackals
  11 kobolds
  4 quokkas
  4 frilled lizards
  7 rats
221 creatures vanquished.

Notes
Turn   | Place    | Note
-------+----------+-------------------------------------------
     0 | D:1      | ubername the Minotaur Berserker began the quest for the
                  | Orb.
     0 | D:1      | Reached XP level 1. HP: 19/19 MP: 0/0
     2 | D:1      | Noticed an ogre
     2 | D:1      | Noticed a dwarf
     4 | D:1      | Noticed a draconian
     4 | D:1      | Noticed a halfling
     6 | D:1      | Noticed an octopode
     8 | D:1      | Noticed a formicid
     8 | D:1      | Noticed a spriggan
    10 | D:1      | Noticed an elf
    10 | D:1      | Noticed a vampire
    12 | D:1      | Noticed a vine stalker
    12 | D:1      | Noticed a minotaur
    14 | D:1      | Noticed a demonspawn
    14 | D:1      | Noticed a centaur
    16 | D:1      | Noticed a human
    18 | D:1      | Noticed a demigod
    18 | D:1      | Noticed a merfolk
    20 | D:1      | Noticed a tengu
    20 | D:1      | Noticed a gargoyle
    24 | D:1      | Noticed a ghoul
    24 | D:1      | Noticed a felid
    26 | D:1      | Noticed a troll
    26 | D:1      | Noticed a naga
   160 | D:1      | Reached XP level 2. HP: 23/27 MP: 1/1
   705 | D:1      | Reached XP level 3. HP: 29/34 MP: 2/2
   827 | D:2      | Reached ** piety under Trog
   841 | D:2      | Found an iron altar of Okawaru.
   983 | D:2      | Noticed Sigmund
   999 | D:2      | Killed Sigmund
   999 | D:2      | Reached skill level 5 in Fighting
   999 | D:2      | Reached skill level 4 in Short Blades
   999 | D:2      | Reached XP level 4. HP: 14/42 MP: 3/3
   999 | D:2      | Reached XP level 5. HP: 16/48 MP: 4/4
  1514 | D:2      | Found a burning altar of Makhleb.
  1521 | D:2      | Found a sparkling altar of Nemelex Xobeh.
  1588 | D:2      | Noticed an ogre
  1597 | D:2      | Killed an ogre
  1597 | D:2      | Reached skill level 5 in Short Blades
  1597 | D:2      | Reached XP level 6. HP: 28/57 MP: 5/5
  2231 | D:3      | Noticed a sky beast
  2237 | D:3      | Killed a sky beast
  2287 | D:3      | You fall into a shaft and drop 1 floor!
  2475 | D:4      | Reached skill level 6 in Short Blades
  2475 | D:4      | Reached XP level 7. HP: 63/63 MP: 6/6
  2692 | D:4      | Found a shimmering blue altar of Sif Muna.
  2862 | D:4      | Reached *** piety under Trog
  3088 | D:4      | Noticed Natasha
  3099 | D:4      | Killed Natasha
  3267 | D:5      | Entered Level 5 of the Dungeon
  3350 | D:4      | Noticed Natasha
  3358 | D:4      | Killed Natasha
  3405 | D:4      | Noticed Natasha
  3430 | D:4      | Killed Natasha
  3660 | D:5      | Reached skill level 5 in Armour
  3672 | D:5      | Found a staircase to the Ecumenical Temple.
  3718 | D:5      | Reached skill level 7 in Short Blades
  3726 | D:5      | Reached XP level 8. HP: 71/71 MP: 7/7
  3750 | D:5      | Found a shadowy altar of Dithmenos.
  4026 | D:6      | Reached **** piety under Trog
  4311 | D:6      | Found a hazy altar of Hepliaklqana.
  4433 | D:6      | Noticed Duvessa
  4444 | D:6      | Reached skill level 8 in Short Blades
  4578 | D:6      | Killed Duvessa
  4578 | D:6      | Reached skill level 5 in Dodging
  4578 | D:6      | Noticed Dowan
  4673 | D:6      | Found an iron altar of Okawaru.
  4680 | D:6      | Killed Dowan
  4680 | D:6      | Reached skill level 1 in Shields
  5034 | D:6      | Found a snail-covered altar of Cheibriados.
  6354 | D:7      | Reached XP level 9. HP: 81/81 MP: 8/8
  6409 | D:7      | Reached skill level 9 in Short Blades
  6749 | D:7      | Noticed a komodo dragon
  6761 | D:7      | Killed a komodo dragon
  7249 | D:7      | Found Qihuokli's Food Emporium.
  7408 | D:7      | Gained mutation: Your spells are a little harder to cast,
                  | but a little more powerful. [potion of mutation]
  7408 | D:7      | Lost mutation: Your spells are a little harder to cast, but
                  | a little more powerful. [potion of mutation]
  7408 | D:7      | Gained mutation: Your system is resistant to poisons.
                  | (rPois) [potion of mutation]
  7408 | D:7      | Gained mutation: You are agile. (Dex +2) [potion of
                  | mutation]
  7431 | D:8      | Found an ornate altar of the Wu Jian Council.
  7524 | D:8      | Found a white marble altar of Elyvilon.
  7547 | D:8      | Found a radiant altar of Vehumet.
  7635 | D:8      | Reached skill level 10 in Short Blades
  7821 | D:8      | Reached ***** piety under Trog
  7828 | D:8      | Noticed Harold
  7840 | D:8      | Killed Harold
  7840 | D:8      | Reached skill level 5 in Shields
  7840 | D:8      | Reached XP level 10. HP: 90/90 MP: 9/9
  8157 | D:8      | Found a basalt altar of Yredelemnul.
  8708 | D:9      | Noticed Joseph
  8740 | D:9      | Killed Joseph
  8765 | D:9      | Reached skill level 11 in Short Blades
  8822 | D:9      | Found a staircase to the Orcish Mines.
  9129 | D:9      | Reached skill level 1 in Stealth
  9203 | D:9      | Found a burning altar of Makhleb.
  9205 | D:9      | Noticed a blizzard demon
  9330 | D:9      | Received a gift from Trog
  9421 | D:10     | Entered Level 10 of the Dungeon
  9612 | D:10     | Annihilated by an enormous slime creature

Levels and vault maps discovered:
D:1:      kb_arrival_jail, layout_loops_corners
D:2:      layout_basic, nicolae_overflow_hidden_temple, minmay_misc_feat_x,
          okawaru_ov_weapons_minmay, uniq_sigmund
D:3:      layout_loops_ring, first_ration
D:4:      layout_loops_corners, lemuel_blue_sif_altar, uniq_natasha
D:5:      layout_rooms, grunt_dithmenos_smoke, minmay_temple_entry_ruins
D:6:      layout_basic, cheibriados_altar_1, kennysheep_mini,
          lemuel_coloured_pillars_altar, uniq_duvessa
D:7:      layout_gridville, serial_shops, kennysheep_mini_moat
D:8:      minmay_angry_zag, layout_cave_pods, nicolae_overflow_crystal_walls,
          lemuel_doored_altar, lemuel_zombie_altar_yredelemnul,
          vehumet_crystals, uniq_harold
D:9:      layout_loops_ring, david_orc_3, the_bakery, minivault_25,
          makhleb_altar_promises_db, uniq_joseph
D:10:     layout_basic, grunt_lair_entry_orc_guard_hut,
          onia_ninara_dug_in_and_dangerous

Skill      XL: |  1  2  3  4  5  6  7  8  9 10 |
---------------+-------------------------------+-----
Fighting       | 4 5 6 7 8 9 |  9.4
Short Blades   | 4 5 6 7 8 10 11 | 11.4
Armour         | 3 4 5 6 7 8 |  8.1
Dodging        | 3 4 5 6 7 |  7.3
Shields        | 2 5 7 |  7.0
Stealth        | 1 |  1.0
Throwing       | |  0.1

Action                   |  1- 3 |  4- 6 |  7- 9 | 10-12 || total
-------------------------+-------+-------+-------+-------++-------
Melee: Short sword       |    80 |    79 |   203 |       ||   362
       Headbutt          |    10 |    16 |    75 |    38 ||   139
       Rapier            |       |       |   185 |   179 ||   364
       Dagger            |       |       |       |     5 ||     5
Throw: Boomerang         |       |       |       |     3 ||     3
Invok: Berserk           |     1 |     1 |    12 |     3 ||    17
       Trog's Hand       |       |       |     1 |       ||     1
  Use: Scroll            |       |     8 |     2 |     3 ||    13
       Potion            |       |     4 |     3 |       ||     7
  Eat: Chunk             |       |     6 |    17 |    10 ||    33
       Ration            |       |       |     3 |       ||     3
Armor: Animal skin       |     5 |       |       |       ||     5
       Chain mail        |    24 |    35 |    74 |       ||   133
       Plate armour      |       |       |    58 |    57 ||   115
Dodge: Dodged            |    41 |    31 |    80 |    23 ||   175
       Deflected         |       |       |     1 |     3 ||     4
Block: Large shield      |       |       |   174 |   121 ||   295
